Map: Lost and Found LE

Players

Rye - Winner!

  • Race: Zerg Zerg
  • League: Diamond
  • Spawn Location: 1:00

Schumie

  • Race: Terran Terran
  • League: Diamond
  • Spawn Location: 7:00

VOD

Have the link to the VOD?

Description

Time

  • Played on: Sept. 7, 2018, 6:32 p.m.
  • Length: 6:43
Show
View Real Time Build Order
Export as new Build Order

Rye Zerg - Winner!

Build Orders: Pool First 

Get SALT Encoding   

  12  0:01  Drone  
  13  0:12  Overlord  
  13  0:18  Drone  
  14  0:31  Drone  
  14  0:32  Drone  
  16  0:37  Drone  
  17  0:43  Extractor  
  17  0:46  Drone  
  17  0:54  Spawning Pool  
  17  0:56  Drone  
  17  1:12  Drone  
  18  1:23  Hatchery  
  17  1:27  Drone  
  17  2:19  Drone  
  17  2:20  Drone x2  
  19  2:27  Spine Crawler  
  17  2:31  Drone  
  17  2:32  Spine Crawler  
  17  2:33  Metabolic Boost  
  17  2:34  Queen  
  19  2:38  Spine Crawler  
  18  2:46  Zergling x2  
  20  3:02  Zergling x2  
  21  3:13  Zergling x2  
  21  3:15  Overlord  
  22  3:35  Zergling x2  
  23  3:55  Zergling x2  
  23  3:56  Zergling x2  
  25  4:06  Zergling x2  
  25  4:08  Hatchery  
  25  4:11  Queen  
  27  4:18  Zergling x2  
  27  4:19  Zergling x2  
  29  4:24  Hatchery  
  29  4:30  Zergling x2  
  29  4:41  Zergling x2  
  30  4:52  Baneling Nest  
  29  5:05  Overlord  
  29  5:18  Drone  
  29  5:19  Queen  
  29  5:20  Overlord  
  29  5:21  Overlord  
  32  5:23  Drone  
  32  5:24  Drone x2  
  35  5:36  Baneling x5  
  35  5:37  Baneling x2  
  35  5:38  Zergling x2  
  35  5:39  Zergling x8  
  40  5:48  Zergling x6  
  40  5:49  Zergling x2  
  41  6:02  Zergling x2  
  41  6:03  Zergling x6  
  40  6:13  Spore Crawler  
  40  6:15  Drone, Spore Crawler  
  37  6:36  Spore Crawler  
Show
View Real Time Build Order
Export as new Build Order

Schumie Terran 

Build Orders:  

Get SALT Encoding   

  12  0:11  Supply Depot  
  12  0:15  SCV  
  13  0:42  Barracks  
  13  0:48  Barracks  
  13  0:55  SCV  
  14  1:08  SCV  
  14  1:09  Supply Depot  
  15  1:20  SCV  
  16  1:29  Marine  
  17  1:35  Marine  
  17  1:39  Bunker  
  18  1:43  Bunker  
  18  1:47  Marine  
  18  1:53  Marine  
  16  2:28  Orbital Command  
  18  2:31  Refinery  
  16  2:50  Command Center  
  16  2:53  Refinery  
  16  2:54  SCV  
  17  2:59  Engineering Bay  
  17  3:06  SCV  
  18  3:36  Factory  
  18  3:41  Bunker  
  18  3:49  SCV  
  19  4:01  SCV  
  19  4:13  SCV  
  20  4:23  Widow Mine  
  22  4:30  Starport  
  22  4:32  Marine, Starport  
  23  4:38  Marine  
  23  4:41  SCV  
  25  4:49  Marine  
  26  4:53  SCV  
  26  4:55  SCV  
  26  4:56  Marine  
  29  5:05  SCV  
  29  5:06  Missile Turret  
  30  5:07  SCV, Starport Tech Lab, Marine  
  30  5:09  Starport Tech Lab  
  32  5:18  Supply Depot  
  32  5:19  SCV  
  33  5:31  Banshee  
  33  5:32  Banshee  
  37  5:39  SCV  
  37  5:42  SCV  
  39  5:51  SCV  
  39  5:54  SCV  
Tags
 
Add a new tag
Caveats
  • Supply blocks, unpowered buildings, or Contaminate may cause inaccurate times.
  • Supply counts are checked every 10 seconds.